AoeStats
← elijamesleon2

Fortress

510040437Analyzed
4v4 RM · 3d ago on Sep 29, 2026· 20m 19s· 8 players
Game mode
Random Map
Map size
Huge
Population
200
Speed
Normal
Resources
Standard
Victory
Conquest
Starting age
Dark Age
Ending age
Imperial Age
RankedLock teamsTeams togetherTeam positionsShared explorationLock speedFull tech treeHidden civsTurbo modeCheats
Victory
Defeat
🇺🇸 Cumans · United States
819
+11
🇺🇸 Magyars · United States
787
+12
🇺🇸 Armenians · United States
734
+14
🇺🇸 Huns · United States
701
+15
🇺🇸 Britons · United States
729
-14
🇻🇳 Poles · Vietnam
722
-14
🇫🇷 Danes · France
693
-13
🇺🇸 Inca · United States
648
-11
DaveyJones
0:55 Loom
7:36 Feudal Age
9:23 Wheelbarrow
8:35 Double-Bit Axe
9:47 Horse Collar
18:13 Castle Age
16:44 Gold Mining
16:46 Stone Mining
17:18 Scale Mail Armor
20:15 Squires
felix
6:38 Feudal Age
4:55 Loom
7:56 Wheelbarrow
7:08 Double-Bit Axe
7:23 Gold Mining
7:24 Town Watch
7:25 Loom
7:28 Horse Collar
15:13 Castle Age
14:41 Padded Archer Armor
14:50 Man-at-Arms
16:33 Crossbowman
DarkMatrix
1:43 Loom
9:05 Feudal Age
9:41 Double-Bit Axe
9:39 Horse Collar
12:59 Fletching
14:47 Town Watch
15:21 Gold Mining
17:04 Forging
16:55 Scale Mail Armor
16:42 Arson
18:22 Wheelbarrow
duchuy2442
9:30 Feudal Age
11:51 Double-Bit Axe
12:55 Gold Mining
13:47 Horse Collar
14:39 Bloodlines
17:21 Castle Age
16:51 Forging
16:47 Scale Barding Armor
18:53 Wheelbarrow
18:51 Bow Saw
18:43 Heavy Plow
19:03 Husbandry
20:55 Chain Barding Armor
PapaSnackz
8:18 Feudal Age
9:34 Wheelbarrow
8:21 Man-at-Arms
9:11 Long Swordsman
9:41 Double-Bit Axe
10:07 Forging
10:03 Scale Mail Armor
10:45 Horse Collar
13:56 Arson
21:16 Castle Age
WavyRackz
8:11 Feudal Age
8:43 Double-Bit Axe
11:49 Wheelbarrow
14:29 Gold Mining
19:56 Castle Age
elijamesleon2
2:01 Loom
8:29 Feudal Age
11:50 Wheelbarrow
10:59 Horse Collar
12:26 Scale Barding Armor
13:31 Bloodlines
ZaddyStacks
8:10 Feudal Age
9:45 Wheelbarrow
8:57 Double-Bit Axe
8:54 Horse Collar
9:52 Bloodlines
20:40 Gold Mining
Connection lost

Rejoining the realm…

Still unreachable

The connection could not be restored.

Session expired

The server has moved on; the page needs a fresh start.